 Dungeon Crawl Stone Soup version 0.28-a0-1524-ge72afd5fc6 (webtiles) character file.

Game seed: 6371206318239420888

69 psuckher the Sneak (level 4, -1/37 HPs)
             Began as a Barachi Delver on Jan 17, 2022.
             Slain by Menkaure (15 damage)
             ... on level 5 of the Dungeon.
             The game lasted 00:03:00 (714 turns).

psuckher the Sneak (Barachi Delver)                  Turns: 714, Time: 00:03:01

Health: -1/37      AC:  3    Str: 15    XL:     4   Next: 20%
Magic:  4/4        EV: 12    Int: 11    God:
Gold:   40         SH:  0    Dex: 13    Spells: 3/3 levels left

rFire   . . .      SeeInvis .   a - +0 falchion
rCold   . . .      Faith    .   (no shield)
rNeg    . . .      Spirit   .   b - +0 leather armour
rPois   .          Reflect  .   (no helmet)
rElec   .          Harm     .   (no cloak)
rCorr   .          Rampage  .   (no gloves)
Will    .....                   (no boots)
Stlth   +++.......              (no amulet)
HPRegen 0.12/turn               (no ring)
MPRegen 0.09/turn               (no ring)

@: mighty, slow
A: amphibious, slowness 1, strong legs 1, +LOS
a: Hop


You were on level 5 of the Dungeon.
You visited 1 branch of the dungeon, and saw 1 of its levels.

You collected 40 gold pieces.

Inventory:

Hand Weapons
 a - a +0 falchion (weapon)
Armour
 b - a +0 leather armour (worn)
Wands
 g - a wand of digging (3)
Scrolls
 c - a scroll of fog
 d - a scroll of magic mapping
 e - a scroll of fear
 h - a scroll of brand weapon {unknown}
 i - a scroll of torment {unknown}
 j - a scroll of identify {unknown}
Potions
 f - a potion of haste


   Skills:
 + Level 4.0 Fighting
 + Level 3.2 Long Blades
 + Level 0.7 Armour
 + Level 2.4 Dodging
 + Level 5.3 Stealth


You had 3 spell levels left.
You didn't know any spells.
Your spell library was empty.

Dungeon Overview and Level Annotations

Branches:
Dungeon (5/15)
 Temple: D:4-7

Altars:

Annotations:
D:5 Menkaure, Pikel


Innate Abilities, Weirdness & Mutations

You are amphibious.
You cover ground slowly.
You can hop short distances.
You have an extended range of vision and can be seen from far away.


Message History

You closely miss the lemure. The lemure hits you but does no damage.
You hit the lemure. Your punch misses the lemure.
The lemure is lightly wounded.
The lemure hits you.
You barely miss the lemure.
The lemure is lightly wounded.
The lemure misses you.
You hit the lemure. Your punch misses the lemure.
The lemure is moderately wounded.
The lemure closely misses you.
You closely miss the lemure.
The lemure is moderately wounded.
The lemure hits you.
You hit the lemure.
The lemure is heavily wounded.
The lemure closely misses you. The lemure misses you.
You barely miss the lemure.
The lemure is heavily wounded.
The lemure hits you but does no damage.
You hit the lemure.
The lemure is heavily wounded.
The lemure barely misses you.
You slash the lemure!
The lemure is severely wounded.
The lemure barely misses you.
You slash the lemure!
You kill the lemure!
That felt strangely unrewarding.
k - a smoky coppery potion It was a potion of might.
You feel very mighty all of a sudden.
Menkaure, Prince of Dust comes into view.
Menkaure shouts!
Menkaure calls on the powers of darkness!
Your body is wracked with pain!
Menkaure gestures wildly while chanting.
Menkaure seems to speed up.
Menkaure closely misses you.
You closely miss Menkaure. Menkaure hits you!
You die...

#.# #.# #.# ...#
#.# # ..# ### #.#
. ... ..# #.# #
..# ##.# #.# . #..
.#.# #M# # #.#
.#.# #@# #.# #.#.#
#.# ###.###.#.#
#.#
#.......#.####.#
#.#.##.........#
###.#.##.##.######
....#.##.##.#
#####.##.##.#
#.##.##.#


You could see Menkaure (fast).

Vanquished Creatures
  A lemure (D:5)
  A centaur zombie (D:5)
  An iguana (D:5)
  An adder zombie (D:5)
  A worm (D:5)
  A quokka (D:5)
6 creatures vanquished.

Notes
Turn   | Place    | Note
-------+----------+-------------------------------------------
     0 | D:5      | psuckher the Barachi Delver began the quest for the Orb.
     0 | D:5      | Reached XP level 1. HP: 18/18 MP: 1/1
     4 | D:5      | Noticed an iguana
    28 | D:5      | Killed an iguana
    29 | D:5      | Reached skill level 5 in Stealth
    29 | D:5      | Reached XP level 2. HP: 2/25 MP: 2/2
    29 | D:5      | Reached XP level 3. HP: 3/30 MP: 3/3
   270 | D:5      | Reached XP level 4. HP: 12/37 MP: 4/4
   622 | D:5      | Noticed a lemure
   623 | D:5      | Noticed a lemure
   624 | D:5      | Noticed Pikel
   624 | D:5      | Noticed a lemure
   663 | D:5      | Killed a lemure
   702 | D:5      | Noticed Menkaure
   714 | D:5      | Slain by Menkaure

Illustrated notes

Levels and vault maps discovered:
D:5:      layout_basic, ebering_ghost_disaster_area, grunt_decor_mini_mirrors,
          minmay_manual_monstrance, uniq_menkaure, uniq_edmund, uniq_pikel

Skill      XL: |  1  2  3 |
---------------+----------+-----
Stealth        | 5 |  5.3
Fighting       | 4 |  4.0
Long Blades    | 3 |  3.2
Armour         | |  0.7
Dodging        | |  2.4

Action                   |  1- 3 |  4- 6 || total
-------------------------+-------+-------++-------
Melee: Falchion          |    28 |    27 ||    55
       Punch             |     2 |       ||     2
  Use: Potion            |       |     1 ||     1
Armor: Leather armour    |     8 |     6 ||    14
Dodge: Dodged            |    21 |    17 ||    38

Table legend: (Time is in decaauts)
 A = Elapsed time spent in this place.
 B = Non-inter-level travel time spent in this place.
 C = Inter-level travel time spent in this place.
 D = Time resting spent in this place.
 E = Time spent auto-exploring this place.
 F = Levels seen in this place.
 G = Mean time per level.
                   A        B        C        D        E       F      G
               +--------+--------+--------+--------+--------+-----+--------+
         Total |    852 |    792 |     60 |      0 |      0 |   1 |  852.0 |
       Dungeon |    852 |    792 |     60 |      0 |      0 |   1 |  852.0 |
               +--------+--------+--------+--------+--------+-----+--------+

Top non-repeatable levels by time:
     D:5: 852 daAuts
